 Dungeon Crawl Stone Soup version 0.30-a0-475-g03497ec522 (webtiles) character file.

Game seed: 17707589766988231944

1625959 mdonais the Wrestler (level 27, 186/186 HPs)
             Began as an Octopode Wanderer on Dec 1, 2022.
             Was the Champion of Cheibriados.
             Escaped with the Orb
             ... and 3 runes on Dec 21, 2022!
             The game lasted 04:43:46 (75037 turns).

mdonais the Wrestler (Octopode Wanderer)           Turns: 75037, Time: 04:43:47

Health: 186/186    AC: 30    Str: 26    XL:     27
Magic:  36/36      EV: 47    Int: 71    God:    Cheibriados [******]
Gold:   3052       SH:  0    Dex: 28    Spells: 0/54 levels left

rFire   + . .      SeeInvis +      - Unarmed
rCold   + . .      Faith    .    (shield currently unavailable)
rNeg    + + .      Spirit   .    (helmet currently unavailable)
rPois   ∞          Reflect  .    D - amulet of Tension {rPois rF+ Regen+}
rElec   +          Harm     .    V - +6 ring of intelligence
rCorr   +          Rampage  .    r - ring of Paranoia {Fly rN+ Dex+6 Slay+3}
Will    +++..      Clarity  +    L - ring of Wishful Thinking {rC+ rCorr Int+7}
Stlth   +++.......               E - ring "Fouv" {AC+4 Slay+2}
HPRegen 1.31/turn                R - ring "Enustrest" {rN+ SInv}
MPRegen 0.25/turn                v - +6 ring of intelligence
                                 y - +6 ring of intelligence
                                 O - ring of willpower

@: storm-form, flying, very slow
A: cleaving, insubstantial, flying, almost no armour, amphibious, 8 rings,
(camouflage 1), (gelatinous body 1), (nimble swimmer 1), (tentacles), clarity,
clever 2, clumsy 1, frail 1, low MP 1, weak 2, no potion heal 1, inability to
read after injury 1
0: Orb of Zot
}: 3/15 runes: barnacled, silver, gossamer
a: Blinkbolt, End Transformation, Renounce Religion, Bend Time, Temporal
Distortion, Slouch, Step From Time


You escaped.
You worshipped Cheibriados.
Cheibriados was exalted by your worship.
You were a lightning-filled tempest!
You visited 11 branches of the dungeon, and saw 51 of its levels.
You also visited: Sewer and Bailey.

You collected 7287 gold pieces.
You spent 4235 gold pieces at shops.

Inventory:

Missiles
 x - 11 silver javelins
 F - 7 curare-tipped darts (quivered)
 Z - 8 throwing nets {=!f}
Armour
 q - the +3 hat of Pondering (melded) {ponderous, Will+ MP+10 Int+5}
   (You found it on level 2 of the Depths)

   Int:       It affects your intelligence (+5).
   MP:        It affects your magic capacity (+10).
   Will:      It increases your willpower.
Magical Staves
 b - a staff of air (melded)
   (You found it on level 2 of the Dungeon)
Jewellery
 f - a ring of protection from fire
   (You bought it in a shop on level 2 of the Orcish Mines)
 r - the ring of Paranoia (right tentacle) {Fly rN+ Dex+6 Slay+3}
   (You found it on level 3 of the Crypt)

   [ring of positive energy]

   Dex:       It affects your dexterity (+6).
   Slay:      It affects your accuracy & damage with ranged weapons and melee
   (+3).
   rN:        It protects you from negative energy.
   Fly:       It grants you flight.
 t - a ring of wizardry
   (You took it off a deep elf high priest on level 5 of the Vaults)
 v - a +6 ring of intelligence (on tentacle)
   (You bought it in a shop on level 1 of the Vaults)
 y - a +6 ring of intelligence (on tentacle)
   (You found it on level 1 of the Shoals)
 z - a +6 ring of intelligence
   (You acquired it on level 7 of the Dungeon)
 D - the amulet of Tension (around neck) {rPois rF+ Regen+}
   (You found it on level 3 of the Crypt)

   [amulet of regeneration]

   rF:        It protects you from fire.
   rPois:     It protects you from poison.
   Regen:     It increases your rate of health regeneration.
 E - the ring "Fouv" (on tentacle) {AC+4 Slay+2}
   (You bought it in a shop on level 2 of the Orcish Mines)

   [ring of protection]

   AC:        It affects your AC (+4).
   Slay:      It affects your accuracy & damage with ranged weapons and melee
   (+2).
 H - a +4 ring of protection
   (You bought it in a shop on level 2 of the Orcish Mines)
 J - the ring "Ynlen" {Fly rElec rC- rN++ AC+4}
   (You took it off a deep elf archer on level 2 of the Elven Halls)

   [ring of protection]

   AC:        It affects your AC (+4).
   rC:        It makes you vulnerable to cold.
   rElec:     It insulates you from electricity.
   rN:        It greatly protects you from negative energy.
   Fly:       It grants you flight.
 L - the ring of Wishful Thinking (on tentacle) {rC+ rCorr Int+7}
   (You found it on level 1 of the Shoals)

   [ring of resist corrosion]

   Int:       It affects your intelligence (+7).
   rC:        It protects you from cold.
   rCorr:     It protects you from acid and corrosion.
 O - a ring of willpower (on tentacle)
   (You found it on level 3 of the Lair of Beasts)
 P - the ring "Yntaone" {rC+ rN+ Dex+3}
   (You found it on level 3 of the Crypt)

   [ring of positive energy]

   Dex:       It affects your dexterity (+3).
   rC:        It protects you from cold.
   rN:        It protects you from negative energy.
 R - the ring "Enustrest" (on tentacle) {rN+ SInv}
   (You took it off a deep elf annihilator on level 3 of the Elven Halls)

   [ring of positive energy]

   rN:        It protects you from negative energy.
   SInv:      It lets you see invisible.
 V - a +6 ring of intelligence (left tentacle)
   (You took it off a deep elf annihilator on level 3 of the Elven Halls)
Wands
 k - a wand of light (24)
   (You found it on level 10 of the Dungeon)
 n - a wand of roots (23)
   (You found it on level 5 of the Lair of Beasts)
 s - a wand of mindburst (21)
   (You found it on level 1 of the Realm of Zot)
Scrolls
 c - 2 scrolls of butterflies
 h - 7 scrolls of fear
 i - 9 scrolls of fog
 p - 3 scrolls of silence
 B - 6 scrolls of blinking
 I - 9 scrolls of poison
 K - 6 scrolls of immolation
 M - 10 scrolls of magic mapping
 T - 24 scrolls of teleportation
Potions
 a - 4 potions of berserk rage
 d - 7 potions of cancellation
 e - 8 potions of might
 g - 9 potions of ambrosia
 j - 17 potions of heal wounds
 l - 7 potions of lignification
 m - 5 potions of mutation
 o - 4 potions of brilliance
 C - 8 potions of attraction
 G - 3 potions of resistance
 N - 4 potions of invisibility
 Q - 23 potions of curing
 S - 7 potions of magic
Miscellaneous
 u - a phantom mirror
   (You found it on level 5 of the Vaults)
 w - a condenser vane
   (You found it on level 11 of the Dungeon)
 A - a lightning rod (4/4)
   (You found it in a bailey)
 U - a phial of floods
   (You found it on level 2 of the Shoals)
 X - a box of beasts
   (You found it on level 4 of the Shoals)
 Y - a tin of tremorstones (2/2)
   (You found it on level 1 of the Spider Nest)


   Skills:
 + Level 21.9 Fighting
 - Level 4.0 Short Blades
 - Level 3.0 Throwing
 + Level 18.2 Dodging
 - Level 15.0 Stealth
 + Level 23.5 Unarmed Combat
 - Level 14.0 Spellcasting
 - Level 15.0 Conjurations
 - Level 2.0 Hexes
 - Level 7.0 Translocations
 - Level 12.0 Transmutations
 - Level 4.0 Ice Magic
 - Level 19.0 Air Magic
 - Level 3.0 Earth Magic
 - Level 16.9 Invocations
 - Level 6.0 Evocations


You couldn't memorise any spells.
You knew the following spells:

 Your Spells              Type           Power      Damage    Failure   Level
a - Storm Form            Tmut/Air       66%        N/A       1%          7
b - Manifold Assault      Tloc           99%        N/A       1%          4
c - Maxwell's Capacitive  Air            72%        ∞         1%          8
d - Chain Lightning       Conj/Air       69%        3d92      13%         9
e - Passwall              Tmut/Erth      85%        N/A       0%          2
f - Statue Form           Tmut/Erth      68%        N/A       1%          6
g - Dragon Form           Tmut           60%        N/A       1%          7
h - Conjure Ball Lightni  Conj/Air       69%        3x3d26    1%          6
i - Ozocubu's Armour      Ice            82%        N/A       1%          3
j - Blink                 Tloc           100%       N/A       0%          2

Your spell library contained the following spells:

 Spells                   Type           Power      Damage    Failure   Level
 Apportation              Tloc           100%       N/A       0%          1
 Beastly Appendage        Tmut           100%       N/A       0%          1
 Magic Dart               Conj           100%       1d8       0%          1
 Sting                    Tmut/Pois      100%       1d8       0%          1
 Cigotuvi's Dreadful Rot  Necr/Pois/Air  100%       N/A       0%          2
 Poisonous Vapours        Pois/Air       100%       N/A       0%          2
 Wereblood                Tmut           100%       N/A       0%          2
 Hailstorm                Conj/Ice       100%       3d20      0%          3
 Kindle Blastsparks       Fire/Tloc/Air  100%       2d18      0%          3
 Mephitic Cloud           Conj/Pois/Air  100%       N/A       0%          3
 Swiftness                Air            100%       N/A       0%          3
 Vhi's Electric Charge    Tloc/Air       100%       N/A       0%          3
 Arcjolt                  Conj/Air       69%        1d79      0%          5
 Iskenderun's Battlesphe  Conj           100%       2d15      0%          5
 Necrotise                Necr           100%       1d9       1%          1
 Slow                     Hex            100%       N/A       1%          1
 Summon Small Mammal      Summ           100%       N/A       1%          1
 Call Imp                 Summ           49%        N/A       1%          2
 Ensorcelled Hibernation  Hex/Ice        100%       N/A       1%          2
 Sublimation of Blood     Necr           49%        N/A       1%          2
 Call Canine Familiar     Summ           49%        N/A       1%          3
 Confusing Touch          Hex            67%        N/A       1%          3
 Gell's Gravitas          Tloc           99%        N/A       1%          3
 Ignite Poison            Fire/Tmut/Pois 82%        N/A       1%          3
 Lesser Beckoning         Tloc           100%       N/A       1%          3
 Portal Projectile        Hex/Tloc       100%       N/A       1%          3
 Summon Guardian Golem    Hex/Summ       59%        N/A       1%          3
 Teleport Other           Tloc           99%        N/A       1%          3
 Tukima's Dance           Hex            67%        N/A       1%          3
 Vampiric Draining        Necr           49%        2d9       1%          3
 Anguish                  Hex/Necr       29%        N/A       1%          4
 Cause Fear               Hex            33%        N/A       1%          4
 Dispel Undead            Necr           49%        3d18      1%          4
 Ice Form                 Ice/Tmut       100%       N/A       1%          4
 Leda's Liquefaction      Hex/Erth       35%        N/A       1%          4
 Olgreb's Toxic Radiance  Pois           49%        N/A       1%          4
 Passage of Golubria      Tloc           99%        N/A       1%          4
 Alistair's Intoxication  Tmut/Pois      62%        N/A       1%          5
 Blade Hands              Tmut           60%        N/A       1%          5
 Borgnjor's Vile Clutch   Necr/Erth      31%        N/A       1%          5
 Fireball                 Conj/Fire      51%        3d20      1%          5
 Freezing Cloud           Conj/Ice/Air   62%        6-21      1%          5
 Lee's Rapid Deconstruct  Erth           37%        3d19*     1%          5
 Metabolic Englaciation   Hex/Ice        37%        N/A       1%          5
 Summon Forest            Summ/Tloc      39%        N/A       1%          5
 Yara's Violent Unravell  Hex/Tmut       49%        3d19      1%          5
 Dispersal                Tloc           49%        N/A       1%          6
 Eringya's Noxious Bog    Tmut/Pois      47%        N/A       1%          6
 Orb of Destruction       Conj           66%        9d16      1%          7
 Summon Mana Viper        Hex/Summ       59%        N/A       2%          5
 Agony                    Necr           49%        N/A       3%          5
 Simulacrum               Ice/Necr       33%        N/A       10%         6
 Death Channel            Necr           24%        N/A       22%         6
 Summon Cactus Giant      Summ           24%        N/A       22%         6
 Ozocubu's Refrigeration  Ice            41%        4d16      22%         7
 Lehudib's Crystal Spear  Conj/Erth      54%        10d13     22%         8
 Malign Gateway           Summ/Tloc      39%        N/A       28%         7
 Enfeeble                 Hex            33%        N/A       45%         7
 Disjunction              Tloc           49%        N/A       45%         8
 Haunt                    Necr/Summ      24%        N/A       75%         7
 Summon Hydra             Summ           24%        N/A       75%         7
 Ignition                 Fire           24%        3d8       100%        8
 Summon Horrible Things   Summ           24%        N/A       100%        8
 Dragon's Call            Summ           24%        N/A       100%        9
 Fire Storm               Conj/Fire      51%        8d13      100%        9
 Polar Vortex             Ice            41%        N/A       100%        9
 Shatter                  Erth           37%        3d30*     100%        9


Dungeon Overview and Level Annotations

Branches:
Dungeon (15/15)            Temple (1/1) D:4            Lair (5/5) D:9
 Shoals (4/4) Lair:3       Spider (4/4) Lair:3        Slime (0/5) Lair:5
    Orc (2/2) D:12            Elf (3/3) Orc:2        Vaults (5/5) D:14
  Crypt (3/3) Vaults:2       Tomb (0/3) Crypt:3      Depths (4/4) D:15
    Zot (5/5) Depths:4      Sewer (visited)          Bailey (visited)

Altars:
Ashenzari
Cheibriados
Dithmenos
Elyvilon
Fedhas
Gozag
Hepliaklqana
Kikubaaqudgha
Makhleb
Nemelex Xobeh
Okawaru
Qazlal
Ru
Sif Muna
Trog
Uskayaw
Vehumet
Wu Jian
Xom
Yredelemnul
Zin
The Shining One
Jiyva

Shops:
D:8 !   Orc:2 (==[*   Elf:1 :   Elf:2 ![   Vaults:1 [=(   Vaults:5 ?!?
Depths:1 =:=   Depths:3 ((?[

Portals:
Hell: Depths:1 Depths:2 Depths:3 Depths:4
Abyss: Depths:1 Depths:3
Pandemonium: Depths:2
Ziggurat: Depths:1

Annotations:
Vaults:4 1 exclusion


Innate Abilities, Weirdness & Mutations

You are a lightning-filled tempest!
Your electrical attacks strike out in all directions at once.
You are incredibly evasive.
Your insubstantial body is immune to petrification, constriction, and being set on fire You are flying.
You are immune to poison.
Your armour is entirely melded.
You are incapable of wielding weapons or throwing items.
You cannot wear most types of armour.
You are amphibious.
You can wear up to eight rings at the same time.
((Your skin changes colour to match your surroundings (Stealth+).))
((Your rubbery body absorbs attacks. (AC +1, EV +1)))
((You are camouflaged when in or above water. (Stealth+)))
((You have tentacles for arms and can constrict up to eight enemies at once.))
You possess an exceptional clarity of mind.
Your mind is very acute. (Int +8, Str/Dex -2)
You are clumsy. (Dex -2)
You are frail. (-10% HP)
Your magical capacity is low. (-10% MP)
You are very weak. (Str -4)
Potions are less effective at restoring your health.
You occasionally lose the ability to read scrolls when taking damage.


Message History

Your system partially rejects the healing effects of potions.
An orange demon comes into view.
The orange demon screeches!
The cacodemon hits you but does no damage.
The cacodemon completely misses you. The cacodemon gestures at you.
The bolt of energy misses you.
You blast the cacodemon!!!!
The cacodemon is severely wounded.
You batter the cacodemon!!
The cacodemon is almost dead.
The orange demon completely misses you. The cacodemon misses you.
The cacodemon closely misses you.
You barely miss the cacodemon.
The cacodemon is almost dead.
You blast the cacodemon!!!!
You kill the cacodemon!
Cheibriados appreciates the change of pace.
The sixfirhy completely misses you. The orange demon completely misses you.
You blast the sixfirhy!!!
You kill the sixfirhy!
Cheibriados thoroughly appreciates the change of pace.
The orange demon completely misses you.
The orange demon completely misses you. x2; The orange demon misses you.
The orange demon completely misses you.
There is a stone staircase leading down here.
You blast the orange demon!!!!
You kill the orange demon!
Cheibriados thoroughly appreciates the change of pace.
No target in view!
MP restored: 36 A demonspawn blood saint and a balrug come into view.
The demonspawn blood saint is wielding a +1 vorpal quarterstaff.
The balrug is wielding a +2 demon whip of freezing.
There is an open door here.
You blast the demonspawn blood saint!!!
Lightning courses through the demonspawn blood saint!
The demonspawn blood saint is severely wounded.
You blast the demonspawn blood saint!!!
You kill the demonspawn blood saint!
Cheibriados appreciates the change of pace.
The balrug gestures at you.
The fireball explodes!
The fireball engulfs you! You resist.
The fireball engulfs the balrug.
The balrug completely resists.
Things that are here:
a +1 vorpal quarterstaff; a +0 robe; a demonspawn corpse You take 14 damage, and have 172/186 hp.
You blast the balrug!!!!
You kill the balrug!
Cheibriados thoroughly appreciates the change of pace.
You regained 3 hp, and now have 175/186 hp.
You regained 3 hp, and now have 178/186 hp.
You regained 2 hp, and now have 180/186 hp.
You regained 3 hp, and now have 183/186 hp.
Health restored: 186
There is a stone staircase leading up here.
You fly upwards.
There is a stone staircase leading down here.
(D) Dungeon (T) Temple (L) Lair (A) Shoals (N) Spider Nest (M) Slime Pits (O) Orcish Mines (E) Elven Halls (V) Vaults (C) Crypt (W) Tomb (U) Depths (H) Hell (Z) Zot
Where to? (Enter - D:1 @ (x,y), ? - help)
There is a stone staircase leading up here.
You fly upwards.
There is a stone staircase leading down here.
(D) Dungeon (T) Temple (L) Lair (A) Shoals (N) Spider Nest (M) Slime Pits (O) Orcish Mines (E) Elven Halls (V) Vaults (C) Crypt (W) Tomb (U) Depths (H) Hell (Z) Zot
Where to? (Enter - D:4, ? - help)
Okay, then.
Unknown command.
Things that are here:
a +0 club; a +0 hand axe; a +0 trident
There is an escape hatch in the ceiling here.
A mysterious force pulls you upwards. The hatch slams shut behind you.
(D) Dungeon (T) Temple (L) Lair (A) Shoals (N) Spider Nest (M) Slime Pits (O) Orcish Mines (E) Elven Halls (V) Vaults (C) Crypt (W) Tomb (U) Depths (H) Hell (Z) Zot
Where to? (Enter - D:4, ? - help)
Your transformation is almost over.
Your transformation has ended.
Your staff of air unmelds from your body.
The +3 hat of Pondering {ponderous, Will+ MP+10 Int+5} unmelds from your body.
You feel rather ponderous.
There is a stone staircase leading up here.
You fly upwards.
The phantom completely misses you. x2
There is a stone staircase leading down here.
A phantom is nearby!
You regained 2 mp, and now have 38/46 mp.
You barely miss the phantom. You squeeze the phantom!
The phantom is moderately damaged.
The phantom hits you but does no damage.
You barely miss the phantom.
Your tentacle-slap misses the phantom.
You squeeze the phantom!
The phantom is severely damaged.
The phantom hits you.
The phantom blinks!
You blink.
You take 3 damage, and have 183/186 hp.
You hit the phantom.
The phantom is electrocuted.
You destroy the phantom!
Cheibriados appreciates the change of pace.
You regained 2 hp, and now have 185/186 hp.
(D) Dungeon (T) Temple (L) Lair (A) Shoals (N) Spider Nest (M) Slime Pits (O) Orcish Mines (E) Elven Halls (V) Vaults (C) Crypt (W) Tomb (U) Depths (H) Hell (Z) Zot
Where to? (Enter - D:2, ? - help) HP restored.
You see here a +0 dagger.
Magic restored.
There is a stone staircase leading up here.
You fly upwards.
There is a stone staircase leading down here.
Health restored: 186; MP restored: 46 A hellephant comes into view.
The hellephant blinks!
A toenail golem comes into view.
The hellephant blinks!
Casting: Storm Form (mildly dangerous; 1% risk of failure)
Confirm with . or Enter, or press ? or * to list all spells.
You feel a surge of power!
You turn into a lightning-filled tempest!
Your staff of air melds into your body.
The +3 hat of Pondering {ponderous, Will+ MP+10 Int+5} melds into your body.
That put a bit of spring back into your step.
You feel your magic capacity decrease.
You now have 29/36 mp.
The toenail golem completely misses you.
You batter the toenail golem!! You punch the toenail golem.
The toenail golem is heavily damaged.
The hellephant blinks!
You blast the toenail golem!!!
You destroy the toenail golem!
Cheibriados thoroughly appreciates the change of pace.
The hellephant blinks!
Casting: Storm Form (mildly dangerous; 1% risk of failure)
Confirm with . or Enter, or press ? or * to list all spells.
Aiming: Passwall (safe; 0% risk of failure)
Press: ? - help, Dir - move target A rock wall.
This square is covered in magical glow.
You begin to meditate on the wall.
You continue meditating on the rock. x2
You finish merging with the rock.
You now have 32/36 mp.
The hellephant trumpets!
An Orb Guardian comes into view.
There is a staircase leading out of the dungeon here.
Magic restored.
You have escaped!

#..# #.......##### ##.#
#.......###.. #.#
#......###... #.#
#......##....
######.####......##...(
##.#.#.#.#.#.#.....#....
#.#.#.#.#.#.#.####.#....
###.#.≈≈≈≈≈.#.## #.#....
#..#.#≈.v.≈#.#.# #.#....
#.#.#.≈...≈.#.## #.#....
#..#.#≈...Y#.#.# #.#....
#.#.#.~~~~~.#.## #......
#..#.#.#.#.#.#.# ##.....
#.#.#.#.#.#.#X######.#...
#.###.##......#...Y..##..
#.....................###
##.###................#


You could see a hellephant and an Orb Guardian.

Vanquished Creatures
  A seraph (Zot:2)
  11 dread liches
  Tiamat (Zot:3)
  An ancient lich (Zot:1)
  5 orbs of fire
  Mara (Shoals:4)
  The ghost of HilariousDeathArtist the Devastator, a veteran DrBr of Vehumet (Elf:3)
  Parghit (Zot:1)
  Sojobo (Crypt:1)
  10 Killer Klowns
  Xtahua (Depths:4)
  A curse toe (Zot:1)
  Nikola (Elf:1)
  A profane servitor (Crypt:1)
  A pandemonium lord (Depths:1)
  3 bone dragons
  Arachne (Spider:3)
  13 golden dragons
  2 Brimstone Fiends
  Jorgrun (D:15)
  3 electric golems
  22 tentacled monstrosities
  6 liches
  26 Orb Guardians
  Asterion (Elf:1)
  4 deep elf master archers (Elf:3)
  4 titans
  2 quicksilver dragons
  Polyphemus (Shoals:4)
  A deep elf blademaster (Elf:2)
  The ghost of ParallaxScroll the Warrior, an adept TeFi of Trog (Shoals:4)
  The ghost of Xof Pepn the Bludgeoner, an adept MiBe of Trog (Spider:3)
  3 krakens
  4 ancient champions (Crypt:3)
  5 sphinxes
  12 death cobs
  4 shadow dragons (Vaults:5)
  7 tengu reavers
  9 draconian monks
  Donald (Shoals:4)
  16 storm dragons
  2 revenants (Depths:3)
  10 emperor scorpions
  3 fire giants
  8 draconian knights
  8 deep elf sorcerers
  An iron dragon (Depths:4)
  10 frost giants
  5 draconian scorchers
  A cacodemon (D:6)
  4 spectral caustic shrikes (Depths:4)
  22 vault wardens
  2 caustic shrike zombies (Depths:3)
  7 ghost moths
  8 draconian shifters
  A balrug (D:6)
  3 draconian stormcallers
  3 curse skulls
  4 orc warlords
  2 broodmothers (Spider:3)
  3 draconian annihilators
  21 ironbound preservers
  5 angels (Zot:2)
  4 deep elf elementalists (Elf:3)
  2 spriggan defenders (Depths:3)
  A juggernaut skeleton (Depths:3)
  A reaper (Crypt:3)
  A caustic shrike skeleton (Depths:3)
  18 stone giants
  10 very ugly things
  4 war gargoyles
  A demonspawn blood saint (D:6)
  A quicksilver ooze (shapeshifter) (Depths:2)
  12 ghouls
  5 ironbound thunderhulks
  A rockslime zombie (Crypt:1)
  14 black draconians
  7 vampire knights
  17 red draconians
  9 spark wasps
  13 white draconians
  8 dire elephants (Vaults:4)
  8 deep elf demonologists
  16 green draconians
  15 yellow draconians
  2 pearl dragon zombies (Crypt:1)
  A spark wasp (shapeshifter) (Vaults:5)
  Snorg (D:12)
  9 purple draconians
  4 eidola
  4 merfolk javelineers
  8 deep elf annihilators
  16 merfolk impalers
  Josephine (D:14)
  8 deep elf death magi
  5 great orbs of eyes
  11 fire dragons
  11 jiangshi
  9 ettins
  11 deep elf high priests
  6 entropy weavers
  A hell beast (Depths:1)
  5 hydras
  2 spriggan zombies (Depths:3)
  33 vault guards
  A quicksilver dragon skeleton (Depths:3)
  7 yaktaur captains
  A peacekeeper (Vaults:2)
  4 rakshasas
  3 spriggan air magi
  10 ice dragons
  A jorogumo (Spider:1)
  An ogre mage (Vaults:5)
  8 boulder beetles
  2 merfolk aquamancers (Shoals:4)
  A catoblepas (Shoals:4)
  An anaconda (shapeshifter) (Vaults:5)
  3 death knights
  3 radroaches
  13 ironbound frosthearts
  4 alligator snapping turtles
  12 death yaks
  Erica (D:10)
  20 dancing weapons
  5 merfolk avatars
  A two-headed ogre (shapeshifter) (Elf:1)
  9 centaur warriors
  A bennu skeleton (Crypt:1)
  11 hell hogs
  3 two-headed ogres
  A satyr (Shoals:4)
  7 deep troll shamans
  5 tengu warriors
  7 vampire magi
  5 deep troll earth magi
  2 orc high priests (Orc:2)
  A hell knight (Depths:2)
  3 spriggan berserkers
  A storm dragon zombie (Crypt:3)
  12 soul eaters
  A sun demon (Depths:1)
  18 deep elf knights
  16 skeletal warriors
  51 deep trolls
  A titan skeleton (Depths:3)
  2 cherubim
  4 glowing orange brains
  3 iron trolls
  3 shadow wraiths
  A sun moth (Spider:4)
  A salamander mystic (Depths:2)
  A golden dragon zombie (Depths:3)
  A pharaoh ant (Spider:1)
  A spark wasp zombie (Depths:3)
  17 orb spiders
  2 deep trolls (shapeshifter)
  A sixfirhy (D:6)
  13 sea snakes
  3 bog bodies
  An orange crystal statue (Spider:3)
  6 phantasmal warriors
  11 deep elf archers
  6 steelbarb worms
  11 lindwurms
  2 tengu zombies (Depths:3)
  16 orc knights
  Pikel (D:5)
  A harpy (shapeshifter) (Vaults:5)
  2 golden dragon skeletons
  2 shadow dragon zombies
  2 necromancers
  14 ironbound convokers
  9 wizards
  9 flayed ghosts
  18 harpies
  33 deep elf zephyrmancers
  30 wolf spiders
  An oklob plant (Lair:2)
  2 orc sorcerers (Orc:2)
  8 cyclopes
  33 deep elf pyromancers
  2 iron dragon zombies
  2 tengu skeletons
  2 salamanders (Depths:2)
  A wolf spider zombie (Crypt:1)
  13 fauns
  A shadow dragon skeleton (Depths:3)
  16 manticores
  A frost giant zombie (Depths:2)
  32 ugly things
  An iron dragon skeleton (Depths:2)
  A moth of wrath (shapeshifter) (Vaults:5)
  A cyclops (shapeshifter) (Vaults:5)
  3 slime creatures (Vaults:2)
  32 moths of wrath
  A fire giant skeleton (Crypt:1)
  A toenail golem (D:1)
  9 elephants
  11 merfolk sirens
  A guardian serpent (shapeshifter) (Depths:2)
  4 apis skeletons (Crypt:1)
  A smoke demon (Depths:1)
  2 apocalypse crabs (Shoals:1)
  3 black mambas
  A gargoyle (D:14)
  9 torpor snails
  7 water nymphs
  13 vault sentinels
  An eye of devastation (shapeshifter) (Zot:2)
  2 centaur skeletons (Crypt:3)
  A death yak zombie (Crypt:3)
  2 unseen horrors
  5 kobold demonologists
  8 cane toads
  9 demonic crawlers
  5 freezing wraiths
  An orange demon (D:6)
  5 tengu conjurers
  A purple draconian zombie (Crypt:1)
  4 komodo dragons
  A green draconian skeleton (Crypt:2)
  A death yak skeleton (Crypt:1)
  A white draconian skeleton (Crypt:1)
  31 yaktaurs
  A guardian mummy (Crypt:3)
  3 trolls
  4 harpy zombies
  6 meliai
  A wolf spider simulacrum (D:15)
  A purple draconian skeleton (Crypt:3)
  5 polar bears
  8 hornets
  39 merfolk
  7 wind drakes
  21 tarantellas
  4 tyrant leeches
  Grinder (D:3)
  8 saltlings (Orc:2)
  An alligator zombie (Crypt:2)
  13 blink frogs
  5 snapping turtles
  17 shadows (Crypt:1)
  19 jumping spiders
  A centaur simulacrum (D:15)
  23 flying skulls
  A vampire (D:10)
  12 wraiths
  19 culicivoras
  7 water elementals
  24 yaks
  17 spriggans
  A wyvern (Lair:4)
  Grum (D:9)
  3 basilisks
  A golden eye (Orc:2)
  3 fire elementals
  A chaos spawn (Zot:2)
  3 vampire mosquitoes (D:12)
  32 redbacks
  A steam dragon (D:6)
  3 wargs
  A glowing shapeshifter zombie (Depths:2)
  A two-headed ogre skeleton (Crypt:1)
  5 acid dragons
  A swamp worm (shapeshifter) (Depths:4)
  27 water moccasins
  3 floating eyes
  A human skeleton (Depths:2)
  37 orc warriors
  12 black bears
  2 manticore zombies (Shoals:2)
  A black bear (shapeshifter) (D:15)
  2 human zombies (Vaults:2)
  A lindwurm zombie (Crypt:1)
  43 wolves
  12 centaurs
  A lindwurm skeleton (Crypt:2)
  7 ogres
  12 boggarts
  A lemure (D:5)
  A hog skeleton (Crypt:2)
  5 phantoms
  11 kobold brigands
  9 bullfrogs
  9 necrophages
  3 scorpions
  An earth elemental (Elf:1)
  A gnoll sergeant (D:9)
  A water moccasin skeleton (Crypt:2)
  7 wights
  3 killer bees (D:9)
  12 electric eels
  4 howler monkeys
  9 orc priests
  2 gnoll boudas
  5 hounds
  2 iguanas
  Jessica (D:3)
  21 orc wizards
  A boggart skeleton (Crypt:2)
  An acid dragon zombie (Crypt:3)
  An ice beast zombie (Crypt:2)
  A naga skeleton (Crypt:3)
  12 mummies (Crypt:3)
  7 river rats (Sewer)
  25 gnolls
  11 adders
  2 shadow imps
  2 white imps
  An ufetubus (D:6)
  An iguana skeleton (Crypt:2)
  4 worms
  A dart slug (D:3)
  75 orcs
  A bat zombie (Shoals:2)
  6 endoplasms
  6 giant cockroaches
  14 goblins
  11 hobgoblins
  4 jackals (Sewer)
  5 quokkas
  11 ball pythons
  10 bats
  3 frilled lizards
  A frilled lizard skeleton (Crypt:3)
  A gnoll skeleton (Crypt:3)
  46 kobolds
  A kobold zombie (Crypt:3)
  An orc zombie (Crypt:1)
  9 rats
  14 bushes
  A butterfly (Zot:2)
  15 pillars of salt
  3 plants
  5 tentacles
2324 creatures vanquished.

Vanquished Creatures (collateral kills)
  A wraith (D:12)
  An orc warrior (D:12)
  An orc priest (D:12)
  2 orcs (D:12)
5 creatures vanquished.

Vanquished Creatures (others)
  A boulder beetle (D:15)
  A deep elf zephyrmancer (Elf:2)
  2 orc warriors (D:15)
  2 orc wizards
  2 orcs
  33 ball lightnings
  78 fungi
  A pillar of salt (Zot:2)
  179 plants
  7 tentacles
306 creatures vanquished.

Grand Total: 2635 creatures vanquished

Notes
Turn   | Place    | Note
-------+----------+-------------------------------------------
     0 | D:1      | mdonais the Octopode Wanderer began the quest for the Orb.
     0 | D:1      | mdonais set off with the following items: a +0 club, a
                  | scroll of silence, a scroll of blinking, a wand of flame
                  | (11); and the following spell memorised: Beastly Appendage;
                  | and the following spells available to memorise: Ignite
                  | Poison.
     0 | D:1      | Reached XP level 1. HP: 11/11 MP: 4/4
    87 | D:1      | Reached skill level 1 in Stealth
   178 | D:1      | Reached XP level 2. HP: 17/17 MP: 4/6
   433 | D:1      | Found a faded altar of an unknown god.
   442 | D:1      | Reached skill level 1 in Fighting
   642 | D:2      | Reached XP level 3. HP: 17/23 MP: 7/7
   647 | D:2      | Learned a level 2 spell: Blink
   690 | D:2      | Upgraded the game from 0.30-a0-377-g5cb311bc9f to
                  | 0.30-a0-381-g6ea064c7b4
  1159 | D:3      | Noticed Jessica
  1167 | D:3      | Killed Jessica
  1168 | D:3      | Reached skill level 1 in Translocations
  1168 | D:3      | Reached skill level 1 in Transmutations
  1168 | D:3      | Reached XP level 4. HP: 25/30 MP: 8/8
  1221 | D:3      | Noticed a phantom
  1417 | D:3      | Noticed Grinder
  1928 | D:4      | Reached XP level 5. HP: 36/36 MP: 9/9
  2027 | D:4      | Noticed an ogre
  2029 | D:4      | Noticed a black bear
  2041 | D:4      | Killed an ogre
  2042 | D:4      | Reached skill level 1 in Short Blades
  2085 | D:4      | Killed a black bear
  2086 | D:4      | Reached XP level 6. HP: 13/43 MP: 7/10
  2278 | D:4      | Found a staircase to the Ecumenical Temple.
  2286 | Temple   | Entered the Ecumenical Temple
  2339 | Temple   | Became a worshipper of Cheibriados the Contemplative
  2868 | D:4      | Reached skill level 5 in Fighting
  2868 | D:4      | Reached XP level 7. HP: 20/50 MP: 11/11
  3564 | D:4      | Found a burning altar of Makhleb.
  3755 | D:5      | Entered Level 5 of the Dungeon
  3859 | D:5      | Reached * piety under Cheibriados
  3895 | D:5      | Found a hazy altar of Hepliaklqana.
  4203 | D:5      | Noticed Pikel
  4225 | D:5      | Killed Pikel
  4226 | D:5      | Reached XP level 8. HP: 4/61 MP: 10/12
  4941 | D:5      | Reached skill level 5 in Stealth
  5207 | D:6      | Reached ** piety under Cheibriados
  5256 | D:6      | Found a glowing drain.
  5263 | Sewer    | Entered a sewer
  5528 | Sewer    | Reached *** piety under Cheibriados
  5878 | D:6      | Reached XP level 9. HP: 66/66 MP: 13/13
  6941 | D:6      | HP: 3/67 [steam dragon (5)]
  7286 | D:7      | Found a flagged portal.
  7290 | D:7      | Reached **** piety under Cheibriados
  7296 | Bailey   | Entered a bailey
  7312 | Bailey   | Reached skill level 5 in Dodging
  7409 | Bailey   | Noticed an orc warlord
  7430 | Bailey   | Learned a level 4 spell: Manifold Assault
  7471 | Bailey   | Learned a level 7 spell: Storm Form
  7553 | Bailey   | Found a runed translucent gate.
  7553 | Bailey   | Found a runed translucent gate.
  7553 | Bailey   | Found a runed translucent gate.
  7627 | Bailey   | Reached skill level 1 in Unarmed Combat
  7950 | Bailey   | Killed an orc warlord
  7951 | Bailey   | Reached XP level 10. HP: 40/74 MP: 13/16
  8067 | D:7      | Reached skill level 2 in Unarmed Combat
  8808 | D:8      | Reached skill level 10 in Stealth
  8846 | D:8      | Found Notoll's Distillery.
  8854 | D:8      | Bought a potion of heal wounds for 65 gold pieces
  8854 | D:8      | Bought a potion of lignification for 39 gold pieces
  8854 | D:8      | Bought a potion of resistance for 130 gold pieces
  8963 | D:8      | Found a hide-covered altar of Uskayaw.
  9146 | D:8      | Found an ancient bone altar of Kikubaaqudgha.
  9292 | D:8      | Reached ***** piety under Cheibriados
  9428 | D:8      | Found a sacrificial altar of Ru.
 10179 | D:9      | Noticed Grum
 10364 | D:9      | Reached skill level 3 in Unarmed Combat
 10372 | D:9      | Killed Grum
 10373 | D:9      | Reached skill level 10 in Fighting
 10519 | D:9      | Reached skill level 5 in Spellcasting
 10606 | D:9      | Noticed a kobold demonologist
 10606 | D:9      | Noticed a kobold demonologist
 10617 | D:8      | Reached XP level 11. HP: 68/81 MP: 18/18
 10805 | D:8      | Reached skill level 4 in Unarmed Combat
 11143 | D:9      | Found a staircase to the Lair.
 11504 | D:10     | Entered Level 10 of the Dungeon
 11730 | D:10     | Found a glowing silver altar of Zin.
 11775 | D:10     | Reached ****** piety under Cheibriados
 12211 | D:10     | Noticed Erica
 12232 | D:10     | Killed Erica
 12585 | D:10     | Reached skill level 1 in Invocations
 12692 | D:10     | Found an ornate altar of the Wu Jian Council.
 12964 | D:10     | Upgraded the game from 0.30-a0-381-g6ea064c7b4 to
                  | 0.30-a0-469-g84de5afbc5
 13130 | D:11     | Noticed a two-headed ogre
 13137 | D:11     | Killed a two-headed ogre
 13138 | D:11     | Reached skill level 10 in Dodging
 13441 | D:11     | Noticed a manticore
 13465 | D:11     | Killed a manticore
 13608 | D:11     | Noticed a green ugly thing
 13879 | D:3      | Reached skill level 5 in Invocations
 14497 | D:3      | Paralysed by Grinder for 4 turns
 14507 | D:3      | Killed Grinder
 14920 | D:11     | Killed a green ugly thing
 14979 | D:11     | Noticed a two-headed ogre
 14983 | D:11     | Killed a two-headed ogre
 14984 | D:11     | Reached XP level 12. HP: 87/87 MP: 21/21
 15139 | Lair:1   | Entered Level 1 of the Lair of Beasts
 15452 | Lair:1   | Reached skill level 5 in Transmutations
 15482 | Lair:1   | Noticed an eight-headed hydra
 16036 | D:10     | Learned a level 3 spell: Confusing Touch
 16120 | D:12     | Noticed a rakshasa
 16202 | D:12     | Noticed a centaur warrior
 16213 | D:12     | Reached skill level 1 in Hexes
 16720 | D:12     | Noticed Snorg
 16729 | D:12     | Killed Snorg
 16733 | D:12     | Learned a level 2 spell: Wereblood
 16784 | D:12     | Reached skill level 1 in Air Magic
 17144 | D:12     | Found a staircase to the Orcish Mines.
 17317 | D:12     | Noticed a two-headed ogre
 17324 | D:12     | Killed a two-headed ogre
 17504 | Orc:1    | Entered Level 1 of the Orcish Mines
 17764 | Orc:2    | Entered Level 2 of the Orcish Mines
 17926 | Orc:2    | Reached skill level 5 in Air Magic
 18161 | Orc:1    | Noticed Sonja
 18170 | Orc:2    | Sonja changed into Sonja the golden eye
 18170 | Orc:2    | Noticed Sonja
 18189 | Orc:2    | Killed Sonja the golden eye
 18471 | Orc:2    | Noticed an orc high priest
 18487 | Orc:2    | Killed an orc high priest
 18587 | Orc:2    | Found a staircase to the Elven Halls.
 18662 | Orc:2    | Reached XP level 13. HP: 45/92 MP: 22/22
 19007 | Orc:2    | Found Paddy's Assorted Antiques.
 19149 | Orc:2    | Bought an emerald potion for 21 gold pieces
 19328 | Orc:2    | Found Kaviet's Armour Emporium.
 19361 | Orc:2    | Noticed an orc warlord
 19375 | Orc:2    | Killed an orc warlord
 19556 | Orc:2    | Found Motozut's Jewellery Boutique.
 19560 | Orc:2    | Found Taqapn Myatz's Jewellery Boutique.
 19611 | Orc:2    | Found Zeniad's Antique Weapon Shop.
 19747 | Orc:2    | Bought the ring "Fouv" {AC+4 Slay+2} for 565 gold pieces
 19748 | Orc:2    | Acquired a +6 ring of intelligence
 19755 | Orc:2    | Bought a +4 ring of protection for 432 gold pieces
 20702 | Orc:2    | Bought a ring of see invisible for 165 gold pieces
 22755 | Lair:2   | Identified the +1 pair of gloves "Satimmum" {rC+}
 23586 | Lair:3   | Reached skill level 10 in Transmutations
 23631 | Lair:3   | Reached XP level 14. HP: 64/99 MP: 22/25
 23932 | Lair:3   | Found a staircase to the Shoals.
 23952 | Lair:3   | Reached skill level 10 in Air Magic
 23984 | Lair:3   | Identified the +5 trident "Ufoje" {freeze, Will+}
 24136 | Lair:3   | Found a hole to the Spider Nest.
 24773 | Lair:4   | Gained mutation: You occasionally lose the ability to drink
                  | potions when taking damage. [mutagenic glow]
 25966 | Lair:5   | Entered Level 5 of the Lair of Beasts
 26009 | Lair:5   | Reached skill level 5 in Unarmed Combat
 26060 | Lair:5   | Found a viscous altar of Jiyva.
 26067 | Lair:5   | Found a staircase to the Slime Pits.
 26393 | Lair:5   | Reached skill level 6 in Unarmed Combat
 26702 | Lair:5   | Identified the +4 chain mail of Qazlal's Outrage {rN+
                  | Str+3}
 27431 | D:13     | Reached XP level 15. HP: 85/103 MP: 27/27
 27765 | D:13     | Reached skill level 7 in Unarmed Combat
 28174 | D:14     | Reached skill level 8 in Unarmed Combat
 28703 | Orc:2    | Bought a ring of protection from fire for 300 gold pieces
 28939 | Shoals:1 | Entered Level 1 of the Shoals
 28993 | Shoals:1 | Reached skill level 9 in Unarmed Combat
 29033 | Shoals:1 | Identified the +5 spear of Law {pain, rC++ Str+3}
 29514 | Shoals:1 | Noticed a kraken
 29521 | Shoals:1 | Killed a kraken
 29599 | Shoals:1 | Noticed a kraken
 29605 | Shoals:1 | Reached skill level 10 in Unarmed Combat
 29636 | Shoals:1 | Killed a kraken
 29728 | Shoals:1 | Noticed a tentacled monstrosity
 29731 | Shoals:1 | Killed a tentacled monstrosity
 29737 | Shoals:1 | Got the Encyclopedia of Mad Ravings
 29739 | Shoals:1 | Identified the ring of Wishful Thinking {rC+ rCorr Int+7}
 29920 | Shoals:2 | Upgraded the game from 0.30-a0-469-g84de5afbc5 to
                  | 0.30-a0-475-g03497ec522
 29934 | Shoals:2 | Got the Verses on Sandy Ice
 30140 | Shoals:2 | Reached XP level 16. HP: 92/110 MP: 29/29
 31515 | Shoals:3 | Reached skill level 5 in Translocations
 31543 | Shoals:3 | Noticed a kraken
 31547 | Shoals:3 | Killed a kraken
 31837 | Shoals:4 | Entered Level 4 of the Shoals
 31870 | Shoals:4 | Reached skill level 11 in Unarmed Combat
 31962 | Shoals:4 | Got the Compendium of the Blizzard
 31997 | Shoals:4 | Noticed Donald
 32000 | Shoals:4 | Killed Donald
 32026 | Shoals:4 | Noticed Mara
 32033 | Shoals:4 | Killed Mara
 32285 | Shoals:4 | Noticed Polyphemus
 32297 | Shoals:4 | Killed Polyphemus
 32409 | Shoals:4 | Found a runed translucent gate.
 32410 | Shoals:4 | Found a runed translucent gate.
 32411 | Shoals:4 | Found a runed translucent gate.
 32416 | Shoals:4 | Reached XP level 17. HP: 107/117 MP: 22/30
 32453 | Shoals:4 | Noticed ParallaxScroll's ghost (adept TeFi)
 32466 | Shoals:4 | Killed ParallaxScroll's ghost
 32469 | Shoals:4 | Identified the ring "Wipileym" {rElec EV+4 Str+2 Int-5}
 32595 | Shoals:4 | Found the +8 trishula "Condemnation" {holy, anguish, *Noise
                  | Fly rN+}
 32977 | Shoals:4 | Reached skill level 12 in Unarmed Combat
 33128 | Shoals:4 | Got a barnacled rune of Zot
 33337 | Shoals:4 | Learned a level 3 spell: Ozocubu's Armour
 33667 | D:14     | Found an iron altar of Okawaru.
 33673 | D:14     | Identified the +4 falchion of Capital Punishment
                  | {antimagic, rF+ Dex+2 SInv}
 34183 | D:14     | Noticed Josephine
 34185 | D:14     | Killed Josephine
 34189 | D:14     | Reached skill level 13 in Unarmed Combat
 34412 | D:14     | Reached skill level 1 in Ice Magic
 34456 | D:14     | Found a gate to the Vaults.
 34565 | D:15     | Entered Level 15 of the Dungeon
 34709 | D:15     | Noticed Jorgrun
 34717 | D:15     | Killed Jorgrun
 34960 | D:15     | Found a staircase to the Depths.
 35312 | D:15     | Learned a level 6 spell: Conjure Ball Lightning
 35502 | Spider:1 | Entered Level 1 of the Spider Nest
 35633 | Spider:1 | Reached skill level 1 in Conjurations
 36190 | Spider:1 | Found the +15 Maxwell's patent armour {-Cast -Tele rElec
                  | Will+ rCorr}
 36327 | Spider:1 | Reached XP level 18. HP: 126/126 MP: 31/31
 36568 | Spider:1 | Reached skill level 14 in Unarmed Combat
 37712 | Spider:2 | Reached skill level 10 in Invocations
 37766 | Spider:2 | Identified the +1 chain mail of Amorality {rPois rC- Dex+5}
 37768 | Spider:2 | Found the +10 morningstar "Eos" {elec, Halo rElec}
 38053 | Spider:3 | Reached skill level 15 in Unarmed Combat
 38460 | Spider:3 | Identified the amulet "Galyaj" {Faith +Blink Dex+2}
 38470 | Spider:3 | Found a transporter.
 38475 | Spider:3 | Noticed Xof Pepn's ghost (adept MiBe)
 38481 | Spider:3 | Noticed Arachne
 38524 | Spider:3 | Found a transporter.
 39018 | Spider:4 | Entered Level 4 of the Spider Nest
 39711 | Spider:4 | Reached XP level 19. HP: 127/132 MP: 2/32
 40019 | Spider:4 | Got a gossamer rune of Zot
 40736 | Vaults:1 | Entered Level 1 of the Vaults
 41188 | Vaults:1 | Found Lituokia's Jewellery Emporium.
 41188 | Vaults:1 | Found Usoyh's Weapon Emporium.
 41188 | Vaults:1 | Found Marr's Armour Emporium.
 42412 | Vaults:2 | Reached skill level 16 in Unarmed Combat
 42571 | Vaults:2 | Noticed a bone dragon
 42579 | Vaults:2 | Killed a bone dragon
 42623 | Vaults:2 | Found a staircase to the Crypt.
 43790 | Vaults:3 | Reached skill level 10 in Spellcasting
 43930 | Vaults:3 | Reached XP level 20. HP: 93/140 MP: 17/34
 43946 | Vaults:3 | Reached skill level 17 in Unarmed Combat
 45435 | Vaults:4 | Reached skill level 15 in Stealth
 46938 | Spider:3 | Reached skill level 15 in Fighting
 46938 | Spider:3 | Reached skill level 15 in Dodging
 46942 | Spider:3 | Reached XP level 21. HP: 147/151 MP: 1/35
 46946 | Spider:3 | Killed Xof Pepn's ghost
 46949 | Spider:3 | Killed Arachne
 47114 | Spider:3 | Identified the +8 dagger of a Million Spirits {vamp, rF+
                  | Int+3 Dex+4}
 47476 | Depths:1 | Entered Level 1 of the Depths
 47778 | Depths:1 | Found a one-way gate to the infinite horrors of the Abyss.
 47846 | Depths:1 | Found a one-way gateway to a ziggurat.
 47846 | Depths:1 | Noticed a dread lich
 47854 | Depths:1 | Killed a dread lich
 48320 | Depths:1 | Found an ornate altar of the Wu Jian Council.
 48363 | Depths:1 | Found Xeol's Jewellery Boutique.
 48363 | Depths:1 | Found Zumealie's Book Emporium.
 48365 | Depths:1 | Found Dayp's Jewellery Boutique.
 48384 | Depths:1 | Bought a book of Annihilations for 1080 gold pieces
 48394 | Depths:1 | Learned a level 9 spell: Chain Lightning
 48428 | Depths:1 | Found a gateway to Hell.
 48997 | Depths:2 | Got the Folio of Rime
 49031 | Depths:2 | Identified the +8 chain mail of the Kraken {-Tele rElec
                  | Will+++ Stlth+}
 49116 | Depths:2 | Found a one-way gate leading to the halls of Pandemonium.
 49219 | Depths:2 | Found the +3 hat of Pondering {ponderous, Will+ MP+10
                  | Int+5}
 50153 | Depths:3 | Found Onos's Magic Scroll Shoppe.
 50153 | Depths:3 | Found Ekhlum's Antique Weapon Emporium.
 50154 | Depths:3 | Found Nuseen's Armour Shoppe.
 50156 | Depths:3 | Found Zoupeekk's Antique Weapon Emporium.
 50236 | Depths:3 | Reached XP level 22. HP: 161/161 MP: 30/37
 50546 | Depths:3 | Lost mutation: You occasionally lose the ability to drink
                  | potions when taking damage. [potion of mutation]
 50546 | Depths:3 | Gained mutation: You are weak. (Str -2) [potion of
                  | mutation]
 50546 | Depths:3 | Gained mutation: Your mind is acute. (Int +4, Str/Dex -1)
                  | [potion of mutation]
 50546 | Depths:3 | Gained mutation: You are very weak. (Str -4) [potion of
                  | mutation]
 50546 | Depths:3 | Gained mutation: Your spells are a little harder to cast,
                  | but a little more powerful. [potion of mutation]
 51050 | Depths:4 | Entered Level 4 of the Depths
 51050 | Depths:4 | Noticed Xtahua
 51054 | Depths:4 | Killed Xtahua
 51351 | Depths:4 | Noticed a golden dragon
 51354 | Depths:4 | Killed a golden dragon
 51361 | Depths:4 | Reached skill level 18 in Unarmed Combat
 51756 | Depths:4 | Noticed a golden dragon
 51761 | Depths:4 | Killed a golden dragon
 52199 | Depths:4 | Found a gate to the Realm of Zot.
 52677 | Vaults:5 | Entered Level 5 of the Vaults
 52684 | Vaults:5 | Reached skill level 15 in Air Magic
 52694 | Vaults:5 | Reached XP level 23. HP: 168/168 MP: 24/39
 52705 | Vaults:5 | Reached skill level 19 in Unarmed Combat
 52904 | Vaults:5 | Noticed a golden dragon
 52907 | Vaults:5 | Killed a golden dragon
 52914 | Vaults:5 | Reached skill level 5 in Conjurations
 53028 | Vaults:5 | Noticed a golden dragon
 53069 | Vaults:5 | Found Xyukhos's Magic Scroll Shop.
 53074 | Vaults:5 | Got a silver rune of Zot
 53082 | Vaults:5 | Bought a scroll of blinking for 112 gold pieces
 53175 | Vaults:5 | Found Yhouj's Distillery.
 53179 | Vaults:5 | Bought 2 potions of heal wounds for 180 gold pieces
 53179 | Vaults:5 | Bought a potion of curing for 54 gold pieces
 53190 | Vaults:5 | Found Vuryted's Magic Scroll Emporium.
 53278 | Vaults:5 | Killed a golden dragon
 53470 | Vaults:5 | Noticed a golden dragon
 53474 | Vaults:5 | Killed a golden dragon
 53552 | Vaults:5 | Identified the +8 long sword of Azxeheont {drain, rN+}
 53553 | Vaults:5 | Identified the +11 quarterstaff of the Eternal Warrior
                  | {flame, Dex+3 Stlth+}
 53561 | Vaults:5 | Noticed a golden dragon
 53568 | Vaults:5 | Killed a golden dragon
 53671 | Vaults:5 | Reached skill level 10 in Conjurations
 54036 | Vaults:5 | Acquired 716 gold pieces
 54073 | Vaults:5 | Identified the +7 great sword of Theory {flame, rPois
                  | Dex+3}
 54397 | Vaults:5 | Got Opuros's Catalogue of Hot Maleficent Magic
 55026 | Vaults:1 | Bought a +6 ring of intelligence for 504 gold pieces
 55105 | Crypt:1  | Entered Level 1 of the Crypt
 55304 | Crypt:1  | Noticed Sojobo
 55319 | Crypt:1  | Killed Sojobo
 55320 | Crypt:1  | Reached XP level 24. HP: 172/175 MP: 26/39
 55944 | Crypt:1  | Found a basalt altar of Yredelemnul.
 57552 | Crypt:2  | Identified the +5 mace "Zowielam" {venom, rElec rCorr Int-2
                  | SInv}
 58053 | Crypt:3  | Entered Level 3 of the Crypt
 58981 | Crypt:3  | Found a staircase to the Tomb.
 59333 | Crypt:3  | Noticed a dread lich
 59372 | Crypt:3  | Paralysed by something for 2 turns
 59375 | Crypt:3  | Killed a dread lich
 59467 | Crypt:3  | Identified the amulet of Tension {rPois rF+ Regen+}
 59467 | Crypt:3  | Identified the ring "Yntaone" {rC+ rN+ Dex+3}
 59467 | Crypt:3  | Identified the ring of Paranoia {Fly rN+ Dex+6 Slay+3}
 59467 | Crypt:3  | Noticed a dread lich
 59472 | Crypt:3  | Killed a dread lich
 59486 | Crypt:3  | Got the Commentary on Filth and Assembling
 59547 | Crypt:3  | Learned a level 8 spell: Maxwell's Capacitive Coupling
 59869 | Depths:4 | Learned a level 6 spell: Statue Form
 60501 | Elf:1    | Entered Level 1 of the Elven Halls
 60572 | Elf:1    | Found an ancient bone altar of Kikubaaqudgha.
 60622 | Elf:1    | Noticed Asterion
 60630 | Elf:1    | Killed Asterion
 60640 | Elf:1    | Reached XP level 25. HP: 149/180 MP: 36/40
 60732 | Elf:1    | Reached skill level 15 in Conjurations
 60773 | Elf:1    | Noticed Nikola
 60785 | Elf:1    | Killed Nikola
 61074 | Elf:1    | Found Memuiv's Book Emporium.
 61547 | Elf:2    | Found Xuphisiefa's Distillery.
 61579 | Elf:2    | Bought a potion of brilliance for 84 gold pieces
 61579 | Elf:2    | Bought a potion of magic for 168 gold pieces
 61579 | Elf:2    | Bought a potion of mutation for 168 gold pieces
 61579 | Elf:2    | Bought a potion of mutation for 168 gold pieces
 61584 | Elf:2    | Found a runed translucent gate.
 61585 | Elf:2    | Found a runed translucent gate.
 61586 | Elf:2    | Found a runed translucent gate.
 61836 | Elf:2    | Reached skill level 1 in Earth Magic
 61912 | Elf:2    | Identified the ring "Ynlen" {Fly rElec rC- rN++ AC+4}
 62328 | Elf:2    | Found Vimobby's Armour Emporium.
 63190 | Elf:3    | Entered Level 3 of the Elven Halls
 63531 | Elf:3    | Found a runed translucent door.
 64042 | Elf:3    | Identified the +2 leather armour of Joinoiwk {Int+3}
 64414 | Elf:3    | Identified the ring "Enustrest" {rN+ SInv}
 64860 | Elf:3    | Identified the -2 pair of gloves of Defence {Int+3}
 65101 | Elf:3    | Noticed HilariousDeathArtist's ghost (veteran DrBr)
 65476 | Elf:3    | Killed HilariousDeathArtist's ghost
 65481 | Elf:3    | Identified the +4 ring mail of the Hart {rPois rC+}
 65903 | Zot:1    | Entered Level 1 of the Realm of Zot
 65907 | Zot:1    | Noticed Parghit
 65919 | Zot:1    | Killed Parghit
 66449 | Zot:1    | Noticed a Killer Klown
 66453 | Zot:1    | Killed a Killer Klown
 66540 | Zot:1    | Noticed a Killer Klown
 66543 | Zot:1    | Killed a Killer Klown
 66681 | Zot:1    | Learned a level 7 spell: Dragon Form
 66803 | Zot:1    | Noticed a Killer Klown
 66808 | Zot:1    | Killed a Killer Klown
 66930 | Zot:1    | Noticed a Killer Klown
 66932 | Zot:1    | Reached XP level 26. HP: 191/191 MP: 23/41
 67028 | Zot:1    | Noticed a Killer Klown
 67039 | Zot:1    | Killed a Killer Klown
 67252 | Zot:1    | Noticed an ancient lich
 67255 | Zot:1    | Killed an ancient lich
 67458 | Zot:1    | Killed a Killer Klown
 68942 | Zot:2    | Noticed a Killer Klown
 68943 | Zot:2    | Noticed a Killer Klown
 68944 | Zot:2    | Killed a Killer Klown
 68944 | Zot:2    | Killed a Killer Klown
 68945 | Zot:2    | Reached skill level 20 in Unarmed Combat
 68948 | Zot:2    | Noticed a Killer Klown
 68952 | Zot:2    | Killed a Killer Klown
 68953 | Zot:2    | Found a shimmering altar of Xom.
 68954 | Zot:2    | Found a shimmering altar of Xom.
 69127 | Zot:2    | Found a shimmering altar of Xom.
 69127 | Zot:2    | Found a glowing silver altar of Zin.
 70286 | Zot:3    | Reached skill level 21 in Unarmed Combat
 70369 | Zot:3    | Found the +4 dragonskin cloak
 70369 | Zot:3    | Noticed Tiamat
 70525 | Zot:3    | Killed Tiamat
 71234 | Zot:3    | Reached XP level 27. HP: 207/207 MP: 36/41
 71542 | Zot:4    | Noticed an orb of fire
 71583 | Zot:4    | Gained mutation: Your mind is very acute. (Int +8, Str/Dex
                  | -2) [an orb of fire]
 71585 | Zot:4    | Lost mutation: Your spells are a little harder to cast, but
                  | a little more powerful. [an orb of fire]
 71586 | Zot:4    | Gained mutation: You are clumsy. (Dex -2) [an orb of fire]
 71592 | Zot:4    | Killed an orb of fire
 72671 | Zot:5    | Entered Level 5 of the Realm of Zot
 72897 | Zot:5    | Reached skill level 22 in Unarmed Combat
 73118 | Zot:5    | Noticed a dread lich
 73118 | Zot:5    | Noticed a dread lich
 73120 | Zot:5    | Killed a dread lich
 73126 | Zot:5    | Killed a dread lich
 73176 | Zot:5    | Noticed an orb of fire
 73178 | Zot:5    | Gained mutation: You possess an exceptional clarity of
                  | mind. [an orb of fire]
 73181 | Zot:5    | Noticed a dread lich
 73183 | Zot:5    | Noticed a dread lich
 73184 | Zot:5    | Noticed a dread lich
 73186 | Zot:5    | Killed an orb of fire
 73195 | Zot:5    | Killed a dread lich
 73196 | Zot:5    | Reached skill level 15 in Invocations
 73207 | Zot:5    | Killed a dread lich
 73210 | Zot:5    | Killed a dread lich
 73221 | Zot:5    | Noticed a dread lich
 73225 | Zot:5    | Killed a dread lich
 73418 | Zot:5    | Noticed an orb of fire
 73419 | Zot:5    | Gained mutation: Your magical capacity is low. (-10% MP)
                  | [an orb of fire]
 73424 | Zot:5    | Killed an orb of fire
 73959 | Zot:5    | Noticed a dread lich
 73962 | Zot:5    | Killed a dread lich
 73963 | Zot:5    | Reached skill level 23 in Unarmed Combat
 73967 | Zot:5    | Noticed a dread lich
 73971 | Zot:5    | Paralysed by a dread lich for 3 turns
 73975 | Zot:5    | Noticed an orb of fire
 73977 | Zot:5    | Killed a dread lich
 73977 | Zot:5    | Gained mutation: You are frail. (-10% HP) [an orb of fire]
 73980 | Zot:5    | Noticed an orb of fire
 73981 | Zot:5    | Killed an orb of fire
 73981 | Zot:5    | Gained mutation: You occasionally lose the ability to read
                  | scrolls when taking damage. [an orb of fire]
 73984 | Zot:5    | Killed an orb of fire
 74366 | Zot:5    | Got the Orb of Zot
 74375 | Zot:5    | Learned a level 2 spell: Passwall
 74413 | Zot:2    | Noticed a seraph
 74424 | Zot:2    | Killed a seraph
 74672 | Depths:1 | Noticed Lanuaf the pandemonium lord
 74674 | Depths:1 | Killed Lanuaf the pandemonium lord
 74909 | D:6      | Gained mutation: Potions are less effective at restoring
                  | your health. [a cacodemon]
 75037 | D:$      | Escaped with the Orb!

Illustrated notes

Levels and vault maps discovered:
D:1:      ncdulo_watergridlock, layout_rooms,
          dreamdust_ecumenical_altar_sealed_demon
D:2:      layout_rooms, serial_glass, glass_columns_a, glass_columns_a
D:3:      minmay_spotlight, layout_loops_cross, uniq_grinder, uniq_jessica
D:4:      layout_layer_cave, makhleb_heckhound_becter,
          minmay_temple_entry_drinking_statues
D:5:      layout_loops_ring, mainiacjoe_overflow_cross_hatched, uniq_pikel
D:6:      layout_loops_corners, gup_sewer_entry_bubbles, kennysheep_small_square
D:7:      layout_loops_ring, enter_bailey_3, kennysheep_potato
D:8:      layout_loops_corners, mainiacjoe_overflow_alcove_1,
          mainiacjoe_overflow_big_doors, hangedman_abyss_or_decor_stagger,
          nrook_campfire, nicolae_stop_n_shop_2, grunt_decor_clamped
D:9:      layout_loops_ring, due_lair_maze_entry_diamond, uniq_grum
D:10:     layout_basic, mainiacjoe_overflow_catch_the_wave, disabler_island,
          uniq_erica
D:11:     layout_cave_pools
D:12:     layout_cave_pools, david_orc_3, grunt_tough_drop, uniq_snorg
D:13:     layout_loops_ring
D:14:     layout_basic, david_vaults_4, okawaru_ov_weapons_minmay,
          uniq_josephine
D:15:     grunt_enter_depths_snipers, layout_cave_pools, uniq_jorgrun
Temple:   eino_wide_crystal_templ
Lair:1:   layout_cave_pods
Lair:2:   layout_loops_ring, minmay_lair_oklob_bushes
Lair:3:   layout_gridlike, elwin_shoals_entry_rooms, spider_nest_entry_a,
          chequers_serial_rivers_room_a, kilobyte_rumbling_trees
Lair:4:   layout_hall_layers
Lair:5:   minmay_lair_end_enchanted_forest, layout_regular_city,
          dpeg_slime_entry_corner, grunt_megastairs_2
Shoals:1: dreamdust_from_the_deep, layout_shoals
Shoals:2: layout_shoals, nicolae_shoals_undead_eyrie
Shoals:3: layout_shoals
Shoals:4: shoals_end_simple, layout_shoals, ebering_ghost_rock_garden,
          uniq_mara, uniq_polyphemus, uniq_donald
Spider:1: layout_spider_delve
Spider:2: layout_spider_delve, hangedman_stitches_earthworm
Spider:3: layout_cave_pods, nzn_ghost_randoct
Spider:4: guppyfry_spider_rune, nicolae_orb_stairs, uniq_arachne
Orc:1:    layout_caves, uniq_sonja
Orc:2:    hellmonk_orc_salted, layout_diamond_mine, serial_shops, shop,
          nicolae_orc_rockfall
Elf:1:    layout_loops_cross, basic_altar, serial_shops, nicolae_shop_stone,
          kennysheep_underground_church, uniq_nikola, uniq_asterion
Elf:2:    elven_hall_of_blades_hangedman_original
          [nicolae_blade_entry_area_security], layout_rooms, serial_shops,
          nicolae_stop_n_shop_2, drop_trap, nicolae_stop_n_shop_1
Elf:3:    minmay_elf_hall_not_hex, layout_geoelf_castle,
          ebering_ghost_inner_flame
Vaults:1: vaults_room_fancy_cross, hangedman_vaults_hard_town_square,
          vaults_room_hallway, v_misc_8, hangedman_vaults_pinch,
          vaults_dpeg_cross, hangedman_vaults_impose, v_misc_24,
          ontoclasm_vaults_loading_screen, vaults_dpeg_encased_lava,
          layout_vaults_omnigrid
Vaults:2: nicolae_vaults_little_squares_6, vaults_room_pools,
          dpeg_vaults_monster_row, minmay_crypt_entry_nasty_monster, v_rooms_3,
          vaults_standard_mumra_x, hangedman_vaults_locks, ontoclasm_vaults_eye,
          ontoclasm_vaults_ligature, v_misc_22, layout_vaults_big_room
Vaults:3: hangedman_vaults_stagger, vaults_mumra_hexcomb, v_pattern_4,
          ontoclasm_vaults_misaligned, nicolae_vaults_stairing_the_circle,
          hangedman_vaults_snaps, v_misc_10, grunt_vaults_focal,
          nicolae_vaults_holding_cells, nicolae_vaults_little_squares_4,
          vaults_dpeg_ring, v_misc_17, ontoclasm_vaults_gateway,
          layout_vaults_omnibox
Vaults:4: v_misc_18, v_rooms_4, st_hourglassy, vaults_room_door_hall,
          serial_ice_m, ontoclasm_vaults_ring_square,
          nicolae_vaults_bisected_inception, ontoclasm_vaults_twist,
          nicolae_vaults_little_squares_3, vaults_room_fancy_cross,
          nicolae_vaults_little_squares_5, v_misc_14, v_pattern_2,
          vaults_room_octagon, v_misc_25, ontoclasm_vaults_decontamination,
          layout_vaults_ring
Vaults:5
Crypt:1:  minmay_shadows, layout_regular_city, hangedman_blasphemy, uniq_sojobo
Crypt:2:  layout_catacombs, minivault_5
Crypt:3:  david_glass_crypt, layout_misc_corridors,
          nicolae_tomb_entry_unfolded_pyramid_diagonal
Depths:1: layout_roguey, enter_ziggurat_c, minmay_misc_feat_nine_boxes,
          hellmouth_1, abyss_entry, interstate_on_off,
          nicolae_wu_jian_immortal_techniques, minmay_shop_grove
Depths:2: minmay_the_grid_octo_triangle [minmay_the_grid_octo_clover_2,
          minmay_the_grid_octo_prize_star, minmay_the_grid_octo_checkered],
          layout_gridlike, grunt_hell_horde, pan_entry, hex_medium
Depths:3: hangedman_screamer, layout_small_grid, abyss_entry, hell_entry,
          infiniplex_staircase_x, minmay_shoptagon
Depths:4: grunt_zot_entry_pinwheel, layout_cave_pools, pf_hell_entry_tar_river,
          uniq_xtahua
Zot:1:    ebering_klown_carousel, layout_onion, grunt_megastairs_1, uniq_parghit
Zot:2:    dreamdust_zin_vs_xom, layout_twisted_circle, bh_zot_ikea_curve,
          hangedman_zot_diagonal_lockstep
Zot:3:    layout_gridville, grunt_ministairs_14, uniq_tiamat
Zot:4:    layout_basic
Zot:5:    layout_twisted_circle, grunt_ministairs_7

Skill      XL: |  1  2  3  4  5  6  7  8  9 10 11 12 13 14 15 16 17 18 19 20 21 22 23 24 25 26 27 |
---------------+----------------------------------------------------------------------------------+-----
Stealth        | 2 3 4 6 9 10 12 13 14 15 | 15.0
Fighting       | 1 2 3 4 5 7 8 9 10 11 12 13 15 16 17 18 21 | 21.9
Translocations | 1 2 3 6 7 |  7.0
Transmutations | 1 3 6 10 11 12 | 12.0
Short Blades   | 2 3 4 |  4.0
Dodging        | 2 4 6 7 10 11 12 13 15 16 17 18 | 18.2
Unarmed Combat | 1 3 4 6 10 11 13 15 16 17 18 19 21 23 | 23.5
Spellcasting   | 4 5 6 7 8 9 10 11 12 13 14 | 14.0
Invocations    | 5 6 7 9 10 11 12 16 | 16.9
Throwing       | 3 |  3.0
Hexes          | 2 |  2.0
Air Magic      | 7 9 11 12 13 15 16 18 19 | 19.0
Evocations     | 6 |  6.0
Ice Magic      | 3 4 |  4.0
Conjurations   | 2 4 11 14 15 | 15.0
Earth Magic    | 3 |  3.0

Action                   |  1- 3 |  4- 6 |  7- 9 | 10-12 | 13-15 | 16-18 | 19-21 | 22-24 | 25-27 || total
-------------------------+-------+-------+-------+-------+-------+-------+-------+-------+-------++-------
Melee: Club              |    60 |       |       |       |       |       |       |       |       ||    60
       Constrict         |    22 |    16 |    66 |   121 |    50 |     4 |     1 |     3 |    10 ||   293
       Tentacles         |    15 |    26 |    70 |   185 |    85 |     3 |     2 |     4 |    13 ||   403
       Kick              |     3 |    18 |    57 |   111 |       |       |       |       |       ||   189
       Dagger            |    21 |   102 |   278 |   458 |   138 |       |       |       |       ||   997
       Punch             |       |       |     8 |    21 |    27 |    44 |    49 |    70 |    74 ||   293
       Short sword       |       |       |       |   130 |   155 |       |       |       |       ||   285
       Rapier            |       |       |       |       |   186 |       |       |       |       ||   186
       Unarmed           |       |       |       |       |   260 |   568 |   579 |   711 |   708 ||  2826
       Staff             |       |       |       |       |     5 |    16 |     5 |    13 |    30 ||    69
Throw: Dart              |       |       |    12 |    47 |    27 |       |       |       |       ||    86
       Throwing net      |       |       |     1 |       |       |       |       |       |       ||     1
       Boomerang         |       |       |       |    41 |     3 |       |       |       |       ||    44
 Cast: Beastly Appendage |     4 |     8 |    25 |    30 |       |       |       |       |       ||    67
       Blink             |       |     7 |     2 |     3 |     1 |       |       |       |       ||    13
       Manifold Assault  |       |       |       |     5 |   149 |    93 |    88 |    87 |   172 ||   594
       Wereblood         |       |       |       |     5 |     3 |     1 |     1 |       |       ||    10
       Confusing Touch   |       |       |       |     4 |     7 |       |       |       |       ||    11
       Storm Form        |       |       |       |       |    29 |    70 |    68 |    73 |    93 ||   333
       Ozocubu's Armour  |       |       |       |       |       |     6 |     2 |     1 |     2 ||    11
       Conjure Ball Ligh |       |       |       |       |       |     2 |     6 |     3 |       ||    11
       Chain Lightning   |       |       |       |       |       |       |       |     2 |    18 ||    20
       Maxwell's Capacit |       |       |       |       |       |       |       |       |     5 ||     5
       Passwall          |       |       |       |       |       |       |       |       |     2 ||     2
Invok: Slouch            |       |       |       |       |     1 |       |       |       |       ||     1
       Step From Time    |       |       |       |       |       |       |       |       |     1 ||     1
 Abil: Blinkbolt         |       |       |       |       |    30 |    47 |    12 |     2 |     8 ||    99
       End Transformatio |       |       |       |       |       |       |       |     1 |       ||     1
Evoke: Wand              |       |       |    11 |    16 |       |       |     1 |     1 |       ||    29
       Lightning rod     |       |       |       |     5 |     4 |       |       |       |       ||     9
       Condenser vane    |       |       |       |       |     1 |       |       |     1 |       ||     2
  Use: Potion            |       |     1 |       |     5 |     1 |       |       |     3 |     6 ||    16
       Scroll            |       |       |     9 |     9 |     7 |     2 |     1 |     3 |     6 ||    37
 Stab: Sleeping          |     8 |     7 |    26 |    30 |    26 |     7 |     6 |     6 |     1 ||   117
       Distracted        |     1 |     1 |     1 |     1 |     3 |     1 |     5 |     2 |     2 ||    17
       Held in net/web   |       |       |     1 |       |       |       |       |       |       ||     1
       Confused          |       |       |       |     4 |     4 |       |       |       |       ||     8
       Invisible         |       |       |       |     2 |       |       |       |       |       ||     2
       Betrayed ally     |       |       |       |     1 |       |       |       |       |       ||     1
Armor: Skin              |     7 |     7 |    13 |    19 |    88 |    96 |    89 |   115 |    85 ||   519
Dodge: Dodged            |    56 |    55 |   204 |   655 |   796 |   850 |   627 |   821 |   704 ||  4768

Table legend: (Time is in decaauts)
 A = Elapsed time spent in this place.
 B = Non-inter-level travel time spent in this place.
 C = Inter-level travel time spent in this place.
 D = Time resting spent in this place.
 E = Time spent auto-exploring this place.
 F = Levels seen in this place.
 G = Mean time per level.
                   A        B        C        D        E       F      G
               +--------+--------+--------+--------+--------+-----+--------+
         Total | 112896 |  99405 |  13491 |   7243 |  73169 |  53 | 2130.1 |
       Dungeon |  29634 |  25020 |   4614 |   3004 |  17136 |  15 | 1975.6 |
        Temple |     84 |     54 |     30 |      0 |     40 |   1 |   84.0 |
          Lair |  12229 |  10577 |   1652 |   1088 |   6889 |   5 | 2445.8 |
        Shoals |   7067 |   6739 |    328 |     26 |   5450 |   4 | 1766.8 |
   Spider Nest |   8010 |   7120 |    890 |    344 |   5792 |   4 | 2002.5 |
  Orcish Mines |   5156 |   4071 |   1085 |   1078 |   1392 |   2 | 2578.0 |
   Elven Halls |   7543 |   7274 |    269 |    198 |   6042 |   3 | 2514.3 |
        Vaults |  13944 |  11754 |   2190 |      0 |  10298 |   5 | 2788.8 |
         Crypt |   6730 |   6302 |    428 |     84 |   5111 |   3 | 2243.3 |
        Depths |   8612 |   7693 |    919 |    681 |   6045 |   4 | 2153.0 |
           Zot |  12141 |  11059 |   1082 |    560 |   8266 |   5 | 2428.2 |
         Sewer |    738 |    738 |      0 |      0 |    541 |   1 |  738.0 |
        Bailey |   1003 |   1003 |      0 |    179 |    165 |   1 | 1003.0 |
               +--------+--------+--------+--------+--------+-----+--------+

Top non-repeatable levels by time:
   Orc:2: 4086 daAuts
   Elf:3: 3560 daAuts
   Zot:1: 3449 daAuts
    D:10: 3399 daAuts
  Lair:2: 3305 daAuts
Vaults:4: 3296 daAuts
Vaults:5: 3287 daAuts
    D:14: 2996 daAuts
Spider:1: 2945 daAuts
   Zot:5: 2893 daAuts
Vaults:1: 2554 daAuts
     D:3: 2546 daAuts
  Lair:1: 2454 daAuts
Vaults:3: 2454 daAuts
     D:4: 2444 daAuts
